 Dungeon Crawl Stone Soup version 0.23-a0-612-gcb482e9 (webtiles) character file.

401 Borgoz the Skirmisher (level 6, -6/52 (53) HPs)
             Began as a Ghoul Abyssal Knight on Dec 22, 2018.
             Was a Follower of Lugonu.
             Mangled by an ogre
             ... wielding a +0 giant club
              (20 damage)
             ... on level 4 of the Dungeon.
             The game lasted 00:05:39 (3556 turns).

Borgoz the Skirmisher (Ghoul Abyssal Knight)        Turns: 3556, Time: 00:05:39

HP:   -6/52 (53)    AC:  6    Str: 16    XL:     6   Next: 85%
MP:   7/7           EV: 10    Int:  7    God:    Lugonu [*.....]
Gold: 166           SH:  0    Dex: 10    Spells: 5/5 levels left

rFire    . . .     SeeInvis .   a - +1 hand axe
rCold    + + .     Gourm    .   (no shield)
rNeg     + + +     Faith    .   g - +0 scale mail
rPois    ∞         Spirit   .   (no helmet)
rElec    .         Reflect  .   s - scarf {repulsion}
rCorr    .         Harm     .   (no gloves)
MR       .....                  (no boots)
Stlth    ..........             (no amulet)
HPRegen  0.00/turn              j - ring of protection from cold
MPRegen  0.10/turn              (no ring)

@: rotting, repel missiles
A: rotting body, claws 1, carnivore, cold resistance 1, negative energy
resistance 3, inhibited regeneration, torment resistance, unbreathing
a: Depart the Abyss, Renounce Religion


You were on level 4 of the Dungeon.
You worshipped Lugonu.
Lugonu was aware of your devotion.
You were not hungry.

You visited 1 branch of the dungeon, and saw 4 of its levels.
You visited the Abyss 1 time.

You collected 166 gold pieces.

Inventory:

Hand Weapons
 a - a +1 hand axe (weapon)
 u - a +3 quarterstaff of chaos
Armour
 b - a +0 leather armour
 g - a +0 scale mail (worn)
 i - a scarf of cloud immunity
 s - a scarf of repulsion (worn)
Jewellery
 e - an uncursed amulet of magic regeneration
 j - a ring of protection from cold (left claw)
 k - an uncursed ring of ice
 m - an uncursed ring of protection from cold
Scrolls
 f - a scroll of enchant armour {unknown}
 h - 4 scrolls of fog {unknown}
 l - a scroll of immolation {unknown}
 o - a scroll of fear {unknown}
 p - a scroll of teleportation {unknown}
Potions
 d - a potion of ambrosia {unknown}
 n - a potion of mutation
 q - a potion of cancellation
 r - a potion of degeneration
Comestibles
 c - 7 rations


   Skills:
 + Level 4.6 Fighting
 + Level 3.2 Axes
 + Level 3.2 Armour
 + Level 2.7 Dodging
 + Level 3.8 Invocations


You had 5 spell levels left.
You didn't know any spells.
Your spell library was empty.

Dungeon Overview and Level Annotations

Branches:
Dungeon (4/15)             Temple (0/1) D:4

Altars:
Cheibriados
Makhleb
Sif Muna
Yredelemnul


Innate Abilities, Weirdness & Mutations

Your body is rotting away.
You thrive on raw meat.
You are immune to poison.
You have sharp fingernails.
You are carnivorous and can eat meat at any time.
Your flesh is cold resistant. (rC+)
You are immune to negative energy. (rN+++)
You do not regenerate when monsters are visible.
You are immune to unholy pain and torment.
You can survive without breathing.


Message History

The hound skeleton is almost destroyed.
The hound skeleton bites you but does no damage.
You barely miss the hound skeleton.
The hound skeleton is almost destroyed.
The hound skeleton barely misses you. x2
You barely miss the hound skeleton.
The hound skeleton is almost destroyed.
The hound skeleton bites you.
* * * LOW HITPOINT WARNING * * *
You slash the hound skeleton!
You destroy the hound skeleton!
Lugonu accepts your kill.
Okay, then.
You hit the ogre.
The ogre is heavily wounded.
The ogre hits you but does no damage.
You barely miss the ogre.
The ogre is heavily wounded.
The ogre hits you with a +0 giant club!!
You die...

... . #### #.#.# #....
.### #.#># #..### ....#
#.#.# #...# #..##...#
#.#.## #.(...# # #..#
#...##.#
##.#########....>.#
#..#....@O...##...# #####
##...######....##........
##...#####.##.# ## #
#..#....÷÷.##.# #
#.######÷÷..#.##########
#< #....##....)........
.. #.#######.#.........
### .. #.##......[. #.
#.##.....÷..


You could see an ogre.

Vanquished Creatures
  A bullfrog (D:4)
  A scorpion (D:3)
  A howler monkey (D:3)
  4 hounds
  Crazy Yiuf (D:3)
  A hound skeleton (D:4)
  A gnoll (D:1)
  2 adders (D:3)
  A worm (D:3)
  2 dart slugs
  A leopard gecko (D:3)
  5 orcs
  7 bats
  3 giant cockroaches
  6 goblins
  7 hobgoblins
  6 kobolds
  2 quokkas (D:4)
  A frilled lizard (D:3)
  4 rats
57 creatures vanquished.

Notes
Turn   | Place    | Note
-------+----------+-------------------------------------------
     0 | Abyss:1  | Borgoz the Ghoul Abyssal Knight began the quest for the
                  | Orb.
     0 | Abyss:1  | Reached XP level 1. HP: 19/19 MP: 1/1
    44 | Abyss:1  | Noticed a hell hog
    46 | D:1      | Escaped the Abyss
   346 | D:1      | Reached skill level 1 in Dodging
   543 | D:1      | Reached XP level 2. HP: 23/26 MP: 2/2
   880 | D:1      | Reached XP level 3. HP: 10/31 MP: 3/3
  1266 | D:2      | You fall through a shaft!
  1271 | D:3      | Found a burning altar of Makhleb.
  1291 | D:3      | Reached XP level 4. HP: 34/40 MP: 3/5
  1294 | D:3      | Reached * piety under Lugonu
  1915 | D:2      | Found a snail-covered altar of Cheibriados.
  2215 | D:3      | Found a deep blue altar of Sif Muna.
  2531 | D:3      | Reached skill level 4 in Fighting
  2584 | D:3      | Reached XP level 5. HP: 6/46 MP: 6/6
  2959 | D:3      | Found a basalt altar of Yredelemnul.
  3042 | D:3      | Found a runed door.
  3167 | D:3      | Noticed Crazy Yiuf
  3174 | D:3      | Killed Crazy Yiuf
  3259 | D:3      | Reached XP level 6. HP: 15/53 MP: 7/7
  3440 | D:4      | Found a staircase to the Ecumenical Temple.
  3556 | D:4      | Mangled by an ogre

Vault maps used:
D:1:      dpeg_arrival_shrine, roderic_cross_of_infinity
D:2:      lemuel_round_altar, first_ration, grunt_decor_fettered,
          hangedman_decor_clover_reticule
D:3:      lemuel_round_altar, nicolae_overflow_crystal_walls,
          minmay_misc_feat_doors, lemuel_blue_sif_altar, uniq_crazy_yiuf_cottage
D:4:      kennysheep_mini, temple_pool_b

Skill      XL: |  1  2  3  4  5  6 |
---------------+-------------------+-----
Dodging        | 1 2 |  2.7
Axes           | 2 3 |  3.2
Armour         | 2 3 |  3.2
Fighting       | 4 |  4.6
Invocations    | 3 |  3.8

Action                   |  1- 3 |  4- 6 || total
-------------------------+-------+-------++-------
Melee: Hand axe          |    67 |   181 ||   248
Invok: Depart the Abyss  |     1 |       ||     1
  Use: Potion            |     1 |     3 ||     4
       Scroll            |       |     5 ||     5
 Stab: Invisible         |       |     1 ||     1
  Eat: Chunk             |     3 |    20 ||    23
Armor: Leather armour    |    19 |    24 ||    43
       Scale mail        |       |    42 ||    42
Dodge: Dodged            |    36 |   128 ||   164

Table legend:
 A = Non-vault XP
 B = Vault XP
 C = Vault XP percentage of total XP
 D = Non-vault monster count
 E = Vault monster count
 F = Vault count percentage of total count
                 A         B        C        D         E       F
            +---------+---------+-------+---------+---------+-------
      Total |     532 |      42 |   7.3 |      56 |       1 |   1.8
            +---------+---------+-------+---------+---------+-------
        D:1 |      41 |       0 |   0.0 |      15 |       0 |   0.0
        D:2 |      12 |       0 |   0.0 |       7 |       0 |   0.0
        D:3 |     284 |      42 |  12.9 |      27 |       1 |   3.6
        D:4 |     195 |       0 |   0.0 |       7 |       0 |   0.0
            +---------+---------+-------+---------+---------+-------
